 Dungeon Crawl Stone Soup version 0.27-a0-907-g9722c47 (webtiles) character file.

Game seed: 14165332793239644163

275 Nithhogg the Skirmisher (level 6, -1/48 HPs)
             Began as a Demonspawn Fighter on Apr 7, 2021.
             Slain by an ogre
             ... wielding a +0 giant club
              (11 damage)
             ... on level 4 of the Dungeon.
             The game lasted 00:03:31 (3508 turns).

Nithhogg the Skirmisher (Demonspawn Fighter)        Turns: 3508, Time: 00:03:32

Health: -1/48      AC:  7    Str: 18    XL:     6   Next: 3%
Magic:  6/6        EV:  9    Int: 10    God:
Gold:   176        SH:  9    Dex: 12    Spells: 5/5 levels left

rFire    . . .     SeeInvis .   a - +0 long sword
rCold    . . .     Faith    .   c - +0 kite shield
rNeg     . . .     Spirit   .   b - +0 scale mail
rPois    .         Reflect  .   (helmet restricted)
rElec    .         Harm     .   (no cloak)
rCorr    .         Rampage  .   (no gloves)
Will     .....                  (no boots)
Stlth    ..........             (no amulet)
HPRegen  0.16/turn              (no ring)
MPRegen  0.10/turn              (no ring)

@: no status effects
A: horns 1, repulsion field 1, spiny 1
a: no special abilities


You were on level 4 of the Dungeon.
You visited 1 branch of the dungeon, and saw 4 of its levels.

You collected 176 gold pieces.

Inventory:

Hand Weapons
 a - a +0 long sword (weapon)
Missiles
 m - 3 throwing nets (quivered)
Armour
 b - a +0 scale mail (worn)
 c - a +0 kite shield (worn)
Jewellery
 f - a ring of magical power
Scrolls
 g - 7 scrolls of identify
 h - 2 scrolls of teleportation {unknown}
 j - a scroll of fear {unknown}
 l - a scroll of enchant armour {unknown}
 n - a scroll of blinking {unknown}
 o - a scroll of amnesia {unknown}
 q - a scroll of vulnerability {unknown}
 u - a scroll of acquirement {unknown}
 v - a scroll of fog {unknown}
Potions
 d - a potion of might
 e - a potion of haste
 i - a potion of flight {unknown}
 k - a potion of degeneration {unknown}
 p - a potion of heal wounds {unknown}
 r - a potion of mutation {unknown}
 s - 2 potions of lignification {unknown}
 t - a potion of attraction {unknown}


   Skills:
 + Level 4.2 Fighting
 + Level 3.1 Long Blades
 + Level 3.8 Armour
 + Level 3.8 Shields


You had 5 spell levels left.
You didn't know any spells.
Your spell library contained the following spells:

 Spells                   Type           Power      Damage    Failure   Level
 Animate Skeleton         Necr           0%         N/A       99%         1
 Apportation              Tloc           0%         N/A       99%         1
 Beastly Appendage        Tmut           0%         N/A       99%         1
 Corona                   Hex            0%         N/A       99%         1
 Summon Small Mammal      Summ           0%         N/A       99%         1
 Wereblood                Tmut           0%         N/A       100%        2
 Spider Form              Tmut/Pois      0%         N/A       100%        3
 Ice Form                 Ice/Tmut       0%         N/A       100%        4
 Hydra Form               Tmut           0%         N/A       100%        5


Dungeon Overview and Level Annotations

Branches:
Dungeon (4/15)
 Temple: D:4-7

Altars:
Trog
Vehumet
The Shining One

Shops:
D:3 *


Innate Abilities, Weirdness & Mutations

You have a pair of small horns on your head.
You are surrounded by a mild repulsion field. (EV +2)
You are partially covered in sharp spines.


Message History

The kobold barely misses you.
You closely miss the kobold. Your headbutt misses the kobold.
The kobold is severely wounded.
You block the kobold's attack.
You slash the kobold!
You kill the kobold!
You see here a +0 dagger.
An ogre comes into view. It is wielding a +0 giant club.
The ogre moves out of view.
An ogre is nearby!
An ogre is nearby!
You hit the ogre but do no damage.
You headbutt the ogre, but do no damage.
You block the ogre's attack.
You hit the ogre but do no damage. The ogre is struck by your spines.
The ogre hits you with a +0 giant club!
You completely miss the ogre.
The ogre is moderately wounded.
You block the ogre's attack.
You slash the ogre!
The ogre is heavily wounded.
The ogre is struck by your spines. The ogre hits you with a +0 giant club.
The ogre hits you with a +0 giant club!!
* * * LOW HITPOINT WARNING * * *
You are too injured to fight recklessly!
You are too injured to fight recklessly!
You are too injured to fight recklessly!
You are too injured to fight recklessly!
You are too injured to fight recklessly!
You are too injured to fight recklessly!
You are too injured to fight recklessly!
You are too injured to fight recklessly!
You are too injured to fight recklessly!
You are too injured to fight recklessly!
You are too injured to fight recklessly!
You are too injured to fight recklessly!
You hit the ogre.
The ogre is heavily wounded.
The ogre hits you with a +0 giant club!
You die...

.>.. #### ### ####
#.. '..# #.# ##.# #.#
# ##.#### #...#
##....# #.#.# #####.#
#O..# ## #.# #@###
.## #.# #...# ..# #.#
###.# ..###.# #..##
...<#.###########...#
#####..).......##.###
##########....#
#.#### #.#


You could see an ogre.

Vanquished Creatures
  An ice beast (D:2)
  A scorpion (D:3)
  3 adders (D:2)
  2 adder skeletons (D:4)
  A worm (D:3)
  2 dart slugs
  4 orcs
  3 bats (D:1)
  7 endoplasms
  3 giant cockroaches
  7 goblins
  3 hobgoblins
  12 jackals
  3 quokkas
  9 ball pythons
  6 frilled lizards
  9 kobolds
  4 rats
80 creatures vanquished.

Vanquished Creatures (others)
  2 fungi (D:2)
  5 toadstools (D:2)
7 creatures vanquished.

Grand Total: 87 creatures vanquished

Notes
Turn   | Place    | Note
-------+----------+-------------------------------------------
     0 | D:1      | Nithhogg the Demonspawn Fighter began the quest for the
                  | Orb.
     0 | D:1      | Reached XP level 1. HP: 18/18 MP: 1/1
   330 | D:1      | Gained mutation: You are surrounded by a mild repulsion
                  | field. (EV +2) [demonic ancestry]
   330 | D:1      | Reached XP level 2. HP: 24/24 MP: 2/2
   445 | D:1      | Found a faded altar of an unknown god.
   962 | D:1      | Reached XP level 3. HP: 16/29 MP: 3/3
  1772 | D:2      | Gained mutation: You are partially covered in sharp spines.
                  | [demonic ancestry]
  1772 | D:2      | Reached XP level 4. HP: 35/35 MP: 4/4
  1794 | D:2      | Noticed an ice beast
  1808 | D:2      | Killed an ice beast
  1809 | D:2      | Gained mutation: You have a pair of small horns on your
                  | head. [demonic ancestry]
  1809 | D:2      | Reached XP level 5. HP: 15/42 MP: 5/5
  2151 | D:3      | Found a bloodstained altar of Trog.
  2198 | D:3      | Found Quoh's Assorted Antiques.
  2207 | D:3      | Reached skill level 4 in Fighting
  2906 | D:3      | Found a radiant altar of Vehumet.
  3280 | D:4      | Reached XP level 6. HP: 48/48 MP: 6/6
  3508 | D:4      | Slain by an ogre

Illustrated notes

Levels and vault maps discovered:
D:1:      saegor_arrival_simple_c, layout_basic,
          ebering_ecumenical_altar_abandoned
D:2:      layout_basic, chequers_serial_rivers_small_b, minmay_gold_behind_fungi
D:3:      layout_loops_cross, nicolae_tso_swordbearing_angel,
          trog_hazing_becter, marbit_many_paths, serial_shops, shop
D:4:      minmay_chambers_of_threes, layout_basic, uniq_pikel

Skill      XL: |  1  2  3  4  5 |
---------------+----------------+-----
Long Blades    | 2 3 |  3.1
Armour         | 3 |  3.8
Shields        | 3 |  3.8
Fighting       | 4 |  4.2

Action                   |  1- 3 |  4- 6 || total
-------------------------+-------+-------++-------
Melee: Long sword        |   109 |    82 ||   191
       Headbutt          |       |    15 ||    15
  Use: Scroll            |     1 |       ||     1
Armor: Scale mail        |    64 |    31 ||    95
Dodge: Dodged            |    72 |    32 ||   104
Block: Kite shield       |    72 |    46 ||   118
       Rpst.: Long sword |    20 |    10 ||    30

Table legend: (Time is in decaauts)
 A = Elapsed time spent in this place.
 B = Non-inter-level travel time spent in this place.
 C = Inter-level travel time spent in this place.
 D = Time resting spent in this place.
 E = Time spent auto-exploring this place.
 F = Levels seen in this place.
 G = Mean time per level.
                   A        B        C        D        E       F      G
               +--------+--------+--------+--------+--------+-----+--------+
         Total |   3610 |   3543 |     67 |    770 |   2266 |   4 |  902.5 |
       Dungeon |   3610 |   3543 |     67 |    770 |   2266 |   4 |  902.5 |
               +--------+--------+--------+--------+--------+-----+--------+

Top non-repeatable levels by time:
     D:1: 1124 daAuts
     D:2: 1070 daAuts
     D:3: 1046 daAuts
     D:4: 369 daAuts
